Map: Romanticide LE

Players

radioMS

  • Race: Terran Terran
  • League: Diamond

YOONA - Winner!

  • Race: Terran Terran

VOD

Have the link to the VOD?

Description

Time

  • Played on: Aug. 14, 2021, 9:02 a.m.
  • Length: 13:51
Show
View Real Time Build Order
Export as new Build Order

radioMS Terran 

Build Orders:  

Get SALT Encoding   

  12  0:00  SCV  
  13  0:12  SCV  
  14  0:17  Supply Depot  
  14  0:24  SCV  
  15  0:38  SCV  
  15  0:40  Barracks  
  16  0:50  SCV  
  17  1:02  SCV  
  18  1:15  SCV  
  19  1:28  Refinery  
  19  1:29  Orbital Command  
  19  1:30  Marine  
  20  1:42  Command Center  
  20  1:47  Marine  
  21  1:56  SCV  
  21  1:58  Supply Depot  
  22  2:03  Barracks  
  22  2:06  Marine  
  23  2:19  SCV  
  24  2:23  Marine  
  24  2:26  Bunker  
  25  2:33  SCV  
  26  2:37  Barracks  
  26  2:45  Barracks Reactor, SCV  
  26  2:50  Refinery  
  26  2:51  Barracks Tech Lab  
  27  2:56  Orbital Command  
  27  2:57  SCV  
  28  3:09  Marine, SCV  
  28  3:12  Stimpack  
  30  3:22  Marine x2  
  30  3:25  SCV x2  
  34  3:29  Supply Depot, Marine  
  34  3:31  Marine  
  36  3:37  SCV x2  
  38  3:42  Marine x2  
  38  3:49  SCV  
  38  3:50  SCV  
  38  3:51  Marine  
  42  4:00  Marine x2  
  42  4:01  SCV  
  42  4:02  Barracks Reactor  
  44  4:03  Factory, SCV  
  44  4:08  Supply Depot  
  45  4:13  SCV, Marine  
  45  4:15  SCV  
  48  4:25  SCV  
  48  4:30  SCV  
  50  4:35  Marine  
  50  4:38  SCV  
  52  4:40  Command Center, Marine x2  
  52  4:41  Marine x2  
  52  4:42  SCV  
  52  4:45  Supply Depot  
  57  4:48  Supply Depot  
  57  4:51  Factory Reactor  
  57  4:52  Starport  
  57  4:54  Marine, SCV  
  57  4:56  SCV  
  59  5:18  Marine x3  
  59  5:19  Marine  
  59  5:20  Combat Shield  
  63  5:21  SCV x2  
  63  5:24  Supply Depot  
  63  5:25  Supply Depot  
  63  5:26  Engineering Bay x2  
  65  5:33  Marine, SCV x2  
  68  5:36  Medivac, Marine  
  68  5:37  Medivac  
  73  5:45  SCV  
  73  5:46  SCV  
  74  5:52  Marine x4  
  74  5:57  Terran Infantry Armor Level 1, Terran Infantry Weapons Level 1  
  78  5:58  SCV  
  78  5:59  Marine  
  78  6:00  SCV  
  78  6:02  Factory Tech Lab  
  79  6:09  Missile Turret, Medivac  
  79  6:10  Marine, SCV  
  82  6:12  SCV  
  83  6:22  SCV  
  83  6:23  Marine x4  
  83  6:24  Medivac  
  90  6:25  SCV  
  83  6:34  SCV, Marine  
  83  6:38  SCV  
  82  6:41  Marine x3  
  82  6:46  SCV  
  86  6:48  Marine  
  86  6:50  SCV  
  86  6:51  Marine  
  89  6:55  Barracks  
  89  6:56  Barracks  
  89  6:58  SCV  
  89  7:01  Missile Turret  
  89  7:02  SCV  
  89  7:05  Marine  
  90  7:10  SCV  
  91  7:19  Marine x2  
  91  7:20  SCV  
  91  7:21  Marine x2  
  94  7:23  Marine  
  94  7:25  SCV  
  76  7:37  Medivac, Siege Tank, Marine x2  
  76  7:38  SCV  
  76  7:39  Marine x2  
  76  7:41  Marine, SCV  
  82  7:47  Barracks  
  82  7:48  Marine x2  
  82  7:49  Barracks  
  84  7:55  Marine  
  84  7:56  Orbital Command  
  85  8:04  SCV  
  85  8:05  Missile Turret  
  86  8:09  SCV  
  86  8:11  Marine  
  86  8:12  Marine  
  89  8:14  Refinery  
  89  8:16  SCV  
  89  8:18  Refinery  
  90  8:21  Marine x2  
  90  8:22  Marine, SCV  
  90  8:24  SCV  
  95  8:28  Marine  
  95  8:33  Missile Turret  
  95  8:34  Marine  
  97  8:37  SCV  
  97  8:39  Marine  
  97  8:41  Marine x2  
  101  8:42  SCV  
  101  8:43  Command Center  
  101  8:46  Marine  
  102  8:51  Marine  
  102  8:52  Barracks Tech Lab x2  
  102  8:55  Barracks Tech Lab  
  100  9:01  SCV  
  101  9:03  Refinery, SCV  
  101  9:04  Refinery  
  101  9:05  Marine x5  
  101  9:07  Command Center  
  101  9:09  Marine  
  108  9:10  SCV  
  108  9:12  Barracks  
  108  9:15  Barracks  
  109  9:19  Supply Depot  
  109  9:21  Marine x3  
  109  9:22  Marine x2  
  109  9:23  Marine  
  115  9:25  SCV  
  115  9:27  Marine x3  
  115  9:28  SCV  
  120  9:39  Concussive Shells, Marine  
  120  9:44  Barracks Reactor  
  121  9:49  Marauder x3  
  121  9:52  SCV  
  128  9:53  Armory  
  128  9:55  Marine x4, SCV x2  
  128  9:57  Marine  
  135  10:10  Marine x3  
  135  10:11  Refinery  
  135  10:13  Marine x4  
  136  10:15  Marine  
  136  10:19  Medivac  
  136  10:25  Siege Tank  
  140  10:28  Marauder x2  
  140  10:29  Marauder  
  140  10:32  Marine x4  
  140  10:33  Marine x3  
  151  10:46  Planetary Fortress  
  151  10:48  Medivac  
  151  10:49  Marine x3  
  155  10:50  SCV x3  
  159  10:58  SCV  
  159  10:59  Marine x6  
  159  11:00  Marine  
  159  11:02  Terran Infantry Weapons Level 2, SCV x2  
  167  11:07  Marine  
  167  11:10  Marauder x2  
  168  11:21  Marine x2  
  168  11:22  Marine  
  168  11:24  Barracks Tech Lab x2  
  171  11:29  Marine  
  171  11:30  Marauder, Supply Depot x2  
  171  11:31  Planetary Fortress, Supply Depot, SCV x3  
  177  11:33  SCV  
  177  11:38  Refinery  
  178  11:43  SCV  
  176  11:49  Marine x4  
  176  11:50  Marauder x4  
  176  11:51  Marauder  
  183  11:56  Marine x2  
  183  12:00  Marauder  
  165  12:07  Marine x2  
  136  12:09  Marine x2  
  136  12:10  Medivac  
  136  12:11  Marauder  
  136  12:12  Marauder x4, SCV  
  136  12:14  SCV  
  142  12:21  Marauder, Medivac  
  146  12:27  SCV  
  147  12:30  Marine x2  
  147  12:31  Command Center  
  147  12:33  Marauder  
  147  12:34  Marauder x2  
  155  12:37  Marauder  
  155  12:39  SCV  
  155  12:40  Medivac  
  160  12:46  Marauder x2  
  164  12:54  Marauder  
  164  12:55  Marauder  
  164  12:57  Marauder  
  170  12:59  Marauder  
  170  13:00  Marine x2  
  168  13:08  Marauder, Marine x2  
  168  13:09  Marauder  
  153  13:27  Marine x2  
  153  13:28  Marauder x2, Marine x2  
Show
View Real Time Build Order
Export as new Build Order

YOONA Terran - Winner!

Build Orders: Mech 

Get SALT Encoding   

  12  0:00  SCV  
  13  0:12  SCV  
  14  0:17  Supply Depot  
  14  0:24  SCV  
  14  0:28  Refinery  
  15  0:39  SCV  
  16  0:45  Barracks  
  16  0:51  SCV  
  17  1:03  SCV  
  18  1:15  SCV  
  20  1:35  Orbital Command  
  20  1:36  Reaper  
  20  1:54  Command Center  
  20  2:01  Factory  
  20  2:02  SCV  
  21  2:14  Barracks Reactor, SCV  
  22  2:24  Supply Depot  
  22  2:26  SCV  
  23  2:45  SCV  
  24  2:52  Command Center  
  24  2:57  SCV  
  25  3:00  Hellion x2  
  29  3:09  SCV  
  29  3:10  Orbital Command  
  30  3:22  SCV  
  30  3:23  Hellion x2  
  35  3:36  Starport  
  35  3:38  SCV  
  35  3:40  Factory, SCV  
  37  3:49  Refinery  
  37  3:51  SCV  
  37  3:52  Refinery  
  37  3:54  Refinery  
  37  3:55  Barracks Reactor  
  38  3:58  SCV  
  39  4:08  Orbital Command  
  39  4:11  Hellion x2  
  43  4:18  SCV x2  
  45  4:28  Factory Tech Lab  
  44  4:32  SCV  
  44  4:33  Supply Depot  
  44  4:34  Supply Depot  
  44  4:35  SCV  
  46  4:43  Liberator  
  49  4:48  Liberator  
  49  4:50  SCV  
  49  4:52  SCV  
  54  4:53  SCV  
  54  4:57  Supply Depot  
  55  5:04  SCV  
  55  5:05  Hellion x2  
  60  5:09  Siege Tank  
  60  5:12  SCV  
  60  5:13  SCV  
  65  5:16  SCV  
  66  5:23  Supply Depot  
  66  5:27  Orbital Command  
  66  5:28  Hellion x2, SCV  
  70  5:34  SCV  
  70  5:35  Supply Depot x2  
  72  5:38  Viking x2  
  76  5:45  Siege Tank  
  79  5:56  Hellion x2  
  83  6:02  Engineering Bay  
  83  6:08  Armory x2  
  83  6:12  Viking x2  
  83  6:16  SCV x2  
  89  6:26  Hellion x2  
  89  6:27  Siege Tank  
  93  6:44  Factory  
  93  6:45  Factory  
  93  6:46  SCV x3  
  96  6:47  Factory  
  96  6:48  Supply Depot  
  96  6:50  Hellion x2  
  100  7:01  Siege Tank  
  100  7:02  Viking x2  
  107  7:10  SCV x3  
  107  7:14  Sensor Tower, Supply Depot  
  84  7:30  Factory Reactor, Hellion x2, Factory Tech Lab x2  
  70  7:37  Viking, Siege Tank  
  70  7:42  SCV x3  
  76  7:53  Hellion x2  
  76  7:54  Hellion  
  76  7:57  Terran Vehicle Weapons Level 1  
  82  8:01  Terran Vehicle And Ship Armor Level 1, SCV  
  82  8:02  SCV x2  
  85  8:11  Hellion x3  
  91  8:15  Supply Depot  
  91  8:16  Hellion x2  
  91  8:17  Infernal Pre-Igniter  
  91  8:19  SCV x3  
  95  8:27  Missile Turret, Siege Tank  
  98  8:52  Hellion x4, Siege Tank x2  
  112  8:55  Refinery  
  112  8:57  Command Center  
  112  9:01  Missile Turret  
  112  9:06  SCV x3  
  112  9:08  Missile Turret  
  115  9:13  Refinery  
  115  9:18  Medivac x2  
  115  9:19  Sensor Tower  
  115  9:23  Hellion x2  
  123  9:27  Supply Depot  
  123  9:29  SCV  
  123  9:30  Supply Depot  
  123  9:31  SCV  
  125  9:39  Hellion, Siege Tank  
  130  9:46  Hellion  
  130  9:49  Hellion x2  
  136  9:56  Supply Depot  
  136  9:57  Supply Depot  
  136  9:58  Terran Vehicle Weapons Level 2  
  136  10:02  Supply Depot  
  136  10:03  Medivac x2  
  140  10:19  Thor  
  146  10:27  Thor  
  152  10:29  Hellion x3  
  158  10:43  Refinery  
  158  10:44  Missile Turret, Siege Tank  
  161  10:53  Hellion x3  
  161  10:54  Hellion  
  161  10:56  Planetary Fortress  
  169  11:07  Terran Vehicle And Ship Armor Level 2  
  169  11:09  Refinery  
  169  11:22  Missile Turret  
  169  11:25  Medivac x2  
  173  11:26  Siege Tank  
  173  11:27  Siege Tank  
  179  11:38  Sensor Tower  
  179  11:43  Supply Depot  
  179  11:50  Siege Tank  
  182  11:58  Hellion x2  
  182  11:59  Hellion  
  178  12:14  Viking x2  
  182  12:45  Unknown  
  182  12:52  Hellion x2  
  182  12:53  Hellion x4  
  182  12:56  Command Center  
Tags
 
Composition
Mech
League
Diamond
Matchup
TvT
Race
Terran
Add a new tag
Caveats
  • Supply blocks, unpowered buildings, or Contaminate may cause inaccurate times.
  • Supply counts are checked every 10 seconds.